 Dungeon Crawl Stone Soup version 0.18-a0-1805-g8ab820f (webtiles) character file.

384 M4edhros the Poker (level 6, -2/47 HPs)
             Began as a Mummy Chaos Knight on Apr 26, 2016.
             Killed by divine providence
             ... invoked by an orc priest
              (14 damage)
             ... on level 4 of the Dungeon.
             The game lasted 00:04:19 (3327 turns).

M4edhros the Poker (Mummy Chaos Knight)             Turns: 3327, Time: 00:04:19

Health: -2/47      AC:  6    Str: 16    XL:     6   Next: 47%
Magic:  6/6        EV: 11    Int: 11    God:    Xom [...*..]
Gold:   263        SH:  0    Dex: 13    Spells: 0 memorised, 5 levels left

rFire  x . .     SeeInvis .     l - +0 falchion (elec)
rCold  + . .     Gourm    .     b - +3 leather armour
rNeg   + + +     Faith    .     (no shield)
rPois  ∞         Spirit   .     (no helmet)
rElec  .         Dismiss  .     (no cloak)
rCorr  .         Reflect  .     (no gloves)
SustAt .         Harm     .     (no boots)
MR     .....                    (no amulet)
Stlth  +.........               (no ring)
                                (no ring)

@: not resistant to hostile enchantments, very unstealthy
A: no food or potions, fire vulnerability, cold resistance 1, negative energy
resistance 3, torment resistance, unbreathing
a: Renounce Religion


You were on level 4 of the Dungeon.
You worshipped Xom.
You were a favourite toy of Xom.
You were not hungry.

You visited 1 branch of the dungeon, and saw 4 of its levels.

You collected 263 gold pieces.

Inventory:

Hand Weapons
 a - a +0 spear of chaos
 l - a +0 falchion of electrocution (weapon)
Missiles
 d - 33 sling bullets
 e - 216 stones (quivered)
Armour
 b - a +3 leather armour (worn)
 m - a +0 shield
Wands
 h - a wand of iceblast (5/15)
 n - a wand of flame (39/48)
Scrolls
 c - 4 scrolls of identify {unknown}
 f - 3 scrolls of teleportation
 j - 2 scrolls of recharging {unknown}
Books
 i - a Necronomicon

   Spells                             Type                      Level
   a - Haunt                          Necromancy/Summoning         7
   b - Borgnjor's Revivification      Necromancy                   8
   c - Death's Door                   Charms/Necromancy            8
   d - Necromutation                  Transmutation/Necromancy     8
 k - a book of Changes

   Spells                             Type                      Level
   a - Beastly Appendage              Transmutation                1
   b - Sticks to Snakes               Transmutation                2
   c - Spider Form                    Transmutation/Poison         3
   d - Ice Form                       Ice/Transmutation            4
   e - Blade Hands                    Transmutation                5


   Skills:
 - Level 3.0 Fighting
 + Level 6.1 Polearms
 - Level 1.5 Armour
 - Level 0.7 Dodging


You had 5 spell levels left.
You didn't know any spells.

Dungeon Overview and Level Annotations

Branches:
Dungeon (4/15)
 Temple: D:4-7

Altars:
Cheibriados

Annotations:
Abyss:1 Terence


Innate Abilities, Weirdness & Mutations

You do not eat or drink.
Your flesh is vulnerable to fire.
You are immune to poison.
Your flesh is cold resistant.
You are immune to negative energy.
You are immune to unholy pain and torment.
You can survive without breathing.


Message History

The orc closely misses you.
You hit the orc.
You kill the orc!
Things that are here:
a hand axe; a scale mail; an orc corpse You see here a slice of pizza.
An orc comes into view.
The orc shouts!
An orc comes into view. It is wielding a club.
An orc priest and a skeleton come into view.
The orc shouts!
The orc priest shouts!
The orc priest moves out of view.
Found a snail-covered altar of Cheibriados.
An orc comes into view.
You see here a slice of pizza.
Things that are here:
a hand axe; a scale mail; an orc corpse The orc priest invokes the aid of Beogh against you.
Beogh smites you!
You die...

####...####....# ####........#
##.##..####.# #..........## #.
.... #.#####.#.....÷..# ##
.⌠._###................#
.o...#.##.#..##...#.#####
###.Zo ##............#.######
#.'. #.....<...#.......#<..
##.# ##....................
##..# #...@..#.........#...
##.o.## #....................
#.....# #................####
#....%## ##..####..........#
#.....)####o.###............#
..#.......o...###.#.#........#
#.##...##...#.##..#.#.......[#
#.
########.........#######..####
####..###.### #.....#


You could see an orc priest and an orc.

Vanquished Creatures
  A centaur (D:3)
  2 orc priests
  An orc wizard (D:3)
  Jessica (D:2)
  A worker ant (D:4)
  4 adders
  2 oozes
  2 worms
  A dart slug (D:4)
  3 giant geckos
  15 orcs
  6 giant cockroaches
  4 goblins
  3 hobgoblins (D:1)
  11 jackals
  A quokka (D:3)
  6 bats
  4 giant newts
  6 kobolds
  7 rats
81 creatures vanquished.

Vanquished Creatures (collateral kills)
  3 orcs (D:4)
3 creatures vanquished.

Vanquished Creatures (others)
  A giant newt (D:3)
  4 toadstools (D:1)
5 creatures vanquished.

Grand Total: 89 creatures vanquished

Notes
Turn   | Place    | Note
--------------------------------------------------------------
     0 | D:1      | M4edhros the Mummy Chaos Knight began the quest for the Orb.
     0 | D:1      | Reached XP level 1. HP: 18/18 MP: 1/1
   103 | D:1      | XOM: harmless Conj miscast
   299 | D:1      | Reached XP level 2. HP: 24/24 MP: 2/2
   410 | D:1      | Reached skill level 3 in Polearms
   455 | D:1      | XOM: colour smoke trail
   542 | D:1      | XOM: divination: detect items
   718 | D:1      | XOM: medium Air miscast
   895 | D:2      | Reached XP level 3. HP: 24/29 MP: 3/3
   930 | D:2      | XOM: god gift: curved bronze wand {god gift}
  1084 | D:2      | Noticed Jessica
  1092 | D:2      | Killed Jessica
  1092 | D:2      | Reached skill level 4 in Polearms
  1115 | D:2      | Reached XP level 4. HP: 35/35 MP: 4/4
  1434 | D:3      | Noticed Terence
  1451 | D:3      | XOM: enchant monster (bad)
  1483 | D:3      | XOM: butterfly on damage
  1491 | D:3      | Banished Terence
  1576 | D:3      | Reached XP level 5. HP: 13/41 MP: 5/5
  1765 | D:3      | XOM: colour smoke trail
  2270 | D:3      | XOM: butterfly on damage
  2323 | D:3      | Reached skill level 5 in Polearms
  2563 | D:3      | Noticed a centaur
  2573 | D:3      | Killed a centaur
  2573 | D:3      | Reached XP level 6. HP: 19/47 MP: 6/6
  2662 | D:4      | XOM: god gift: iron wand {god gift}
  2725 | D:4      | XOM: harmless Air miscast
  2839 | D:4      | Xom revived you
  3016 | D:4      | XOM: enchant monster (good)
  3170 | D:4      | XOM: enchant monster (bad)
  3249 | D:4      | XOM: confusion
  3257 | D:4      | Reached skill level 6 in Polearms
  3314 | D:4      | Found a snail-covered altar of Cheibriados.
  3327 | D:4      | Killed from afar by an orc priest

Vault maps used:
D:1:      ldierk_walled_garden_2, minmay_misc_feat_x, nrook_mini_backslash
D:2:      first_bread, uniq_crazy_yiuf_cottage, uniq_jessica
D:3:      uniq_terence
D:4:      gammafunk_temple_overflow_pools, nicolae_dithmenos_the_darkroom,
          old_standard_altar

Skill      XL: |  1  2  3  4  5  6 |
---------------+-------------------+-----
Polearms       | 3 4 5 6 |  6.1
Fighting       | |  3.0
Armour         | |  1.5
Dodging        | |  0.7

Action                   |  1- 3 |  4- 6 || total
-------------------------+-------+-------++-------
Melee: Spear             |    90 |   132 ||   222
       Falchion          |       |    86 ||    86
Evoke: Wand              |       |     2 ||     2
  Use: Scroll            |       |     2 ||     2
 Stab: Confused          |     1 |       ||     1
Armor: Leather armour    |    16 |    67 ||    83
Dodge: Dodged            |    33 |   142 ||   175
